Map: Blackpink LE

Players

CinDra - Winner!

  • Race: Zerg Zerg
  • League: Gold
  • Spawn Location: 1:00

BigAT

  • Race: Zerg Zerg
  • League: Gold
  • Spawn Location: 7:00

VOD

Have the link to the VOD?

Description

Time

  • Played on: March 11, 2018, 10:59 p.m.
  • Length: 14:08
Show
View Real Time Build Order
Export as new Build Order

CinDra Zerg - Winner!

Build Orders: Hatch First, Muta Ling Bane 

Get SALT Encoding   

  12  0:02  Drone  
  13  0:13  Overlord  
  13  0:17  Drone  
  14  0:31  Drone x2  
  17  0:35  Drone  
  17  0:55  Hatchery  
  17  0:56  Drone  
  17  1:01  Drone  
  18  1:07  Extractor  
  17  1:19  Spawning Pool  
  17  1:20  Drone  
  17  1:22  Drone  
  18  1:32  Drone  
  19  1:40  Overlord  
  19  1:53  Drone  
  20  2:07  Queen x2  
  24  2:08  Zergling x2  
  24  2:09  Zergling x2  
  24  2:12  Metabolic Boost  
  26  2:19  Drone x2  
  28  2:23  Drone  
  29  2:40  Drone x3  
  32  2:46  Queen  
  32  2:47  Queen  
  32  2:50  Overlord  
  36  3:13  Hatchery  
  36  3:18  Overlord  
  36  3:19  Drone  
  36  3:20  Zergling x4, Drone  
  36  3:21  Zergling x2  
  36  3:22  Drone  
  41  3:34  Baneling Nest  
  41  3:35  Drone  
  41  3:37  Overlord  
  41  3:38  Drone x2  
  43  3:53  Drone x3  
  43  3:54  Drone  
  47  3:55  Zergling x2  
  47  3:56  Zergling x6  
  51  4:04  Zergling x4  
  53  4:26  Queen  
  53  4:27  Queen x2  
  53  4:29  Overlord  
  53  4:30  Overlord  
  53  4:31  Drone x5  
  64  4:39  Extractor  
  64  4:43  Extractor  
  62  4:46  Drone x3  
  62  4:47  Extractor, Drone x3  
  66  5:30  Lair  
  66  5:31  Pneumatized Carapace  
  66  5:34  Zergling x22  
  77  5:50  Drone x2  
  73  6:10  Zergling x8  
  73  6:11  Zergling x14  
  60  6:41  Queen x3  
  66  6:48  Spire, Drone  
  66  6:49  Drone x8  
  66  6:50  Centrifical Hooks, Drone x3  
  77  7:01  Zergling x4  
  77  7:02  Overlord  
  79  7:09  Baneling x4  
  79  7:29  Zergling x22  
  80  7:47  Drone x4  
  84  8:02  Mutalisk  
  84  8:03  Mutalisk  
  84  8:04  Extractor, Overlord  
  84  8:05  Overlord x8  
  87  8:09  Extractor, Drone  
  87  8:23  Hatchery  
  87  8:25  Zergling x2, Mutalisk  
  87  8:26  Mutalisk x2  
  93  8:31  Mutalisk  
  93  8:32  Mutalisk x8  
  93  8:33  Overseer  
  111  8:43  Drone x4  
  111  8:44  Mutalisk  
  117  8:53  Zerg Flyer Weapons Level 1  
  117  9:03  Evolution Chamber  
  117  9:05  Evolution Chamber  
  115  9:18  Drone x3  
  115  9:19  Drone x2  
  120  9:28  Mutalisk x2  
  120  9:29  Mutalisk x4  
  120  9:31  Zergling x14  
  123  9:48  Zergling x10  
  117  9:59  Queen  
  101  10:15  Mutalisk  
  101  10:16  Mutalisk x6  
  115  10:34  Drone x6  
  115  10:35  Drone x4  
  125  10:40  Queen  
  113  11:16  Drone x13  
  126  11:27  Zergling x12  
  126  11:28  Zergling x2  
  133  11:35  Extractor  
  133  11:36  Drone  
  133  11:37  Drone x2  
  133  11:38  Extractor  
  134  11:42  Zerg Ground Armor Level 1, Zerg Melee Weapons Level 1  
  134  11:45  Zerg Flyer Armor Level 1  
  134  11:54  Zergling x2  
  134  11:55  Zergling x22  
  134  12:01  Drone x3  
  147  12:03  Drone x2  
  151  12:13  Zergling x2  
  151  12:14  Zergling x6  
  155  12:16  Overlord  
  155  12:24  Drone  
  156  12:35  Mutalisk x10  
  141  12:52  Mutalisk x8  
  155  13:01  Mutalisk  
  155  13:02  Mutalisk  
  159  13:32  Mutalisk  
  159  13:33  Mutalisk x3  
  167  13:36  Overlord  
  167  13:37  Overlord x9  
Show
View Real Time Build Order
Export as new Build Order

BigAT Zerg 

Build Orders: Hatch First 

Get SALT Encoding   

  12  0:01  Drone  
  13  0:12  Overlord  
  13  0:17  Drone  
  14  0:31  Drone x2  
  14  0:34  Drone  
  17  0:52  Hatchery  
  17  0:55  Drone  
  17  0:59  Extractor  
  17  1:00  Drone  
  17  1:15  Spawning Pool  
  16  1:18  Drone  
  16  1:22  Drone  
  18  1:28  Drone  
  19  1:41  Drone  
  20  1:50  Overlord  
  20  2:02  Queen  
  20  2:03  Metabolic Boost  
  20  2:05  Queen  
  24  2:09  Drone  
  24  2:14  Drone  
  24  2:15  Drone  
  27  2:18  Drone  
  28  2:31  Roach Warren  
  26  2:38  Zergling x6  
  29  2:47  Zergling x6  
  32  2:59  Drone x2  
  34  3:09  Drone x2  
  36  3:23  Lair  
  36  3:25  Overlord x2  
  36  3:26  Overlord x2  
  36  3:46  Roach x4, Baneling Nest  
  43  3:49  Roach  
  43  3:52  Drone  
  43  3:53  Drone  
  43  3:55  Drone  
  48  3:57  Drone  
  48  4:01  Drone  
  50  4:03  Drone  
  50  4:05  Drone  
  50  4:07  Drone  
  50  4:09  Drone  
  54  4:25  Roach x3  
  60  4:31  Zergling x2  
  60  4:32  Zergling x8  
  65  4:48  Extractor  
  64  5:02  Hydralisk Den  
  64  5:04  Drone  
  64  5:05  Drone x4  
  65  5:17  Ravager  
  66  5:24  Baneling  
  66  5:27  Drone  
  67  5:29  Overlord x3  
  67  5:43  Extractor  
  67  5:44  Extractor  
  65  5:52  Baneling x2  
  65  5:53  Baneling x3  
  65  5:55  Zergling x10  
  65  5:56  Zergling x6, Hatchery  
  57  6:23  Hydralisk x2, Roach x2  
  57  6:25  Zergling x6  
  52  6:46  Ravager  
  51  6:48  Baneling x3  
  51  6:52  Drone x3  
  51  6:54  Drone x3  
  57  7:03  Zergling x12  
  63  7:20  Queen  
  56  7:39  Roach  
  56  7:40  Roach x9  
  56  7:41  Roach x3  
  82  7:49  Centrifical Hooks  
  82  7:57  Evolution Chamber  
  82  8:05  Zergling x4  
  82  8:06  Zergling x10  
  82  8:10  Roach x2  
  82  8:11  Roach x2  
  96  8:15  Zergling x2  
  96  8:16  Zergling x2  
  96  8:18  Overlord  
  96  8:19  Overlord  
  98  8:30  Baneling x3  
  98  8:31  Baneling x7  
  98  8:41  Zergling x6  
  98  8:42  Zergling x16  
  98  8:43  Zergling x2  
  98  8:47  Drone x2  
  98  8:48  Drone x2  
  114  8:49  Overlord  
  114  9:18  Roach x4  
  114  9:21  Overlord x4  
  114  9:22  Overlord  
  94  9:51  Hydralisk x8  
  94  9:52  Hydralisk x6  
  108  9:53  Hydralisk  
  91  10:11  Hydralisk  
  91  10:12  Hydralisk x4  
  98  10:20  Hydralisk x2  
  102  10:41  Hydralisk x6  
  114  10:45  Zergling x2  
  114  10:46  Zergling x6  
  100  11:09  Hydralisk x4  
  100  11:10  Hydralisk x3  
  112  11:14  Queen  
  114  11:43  Zergling x4  
  114  11:44  Zergling x2  
  117  11:54  Hatchery  
  116  12:04  Hatchery  
  115  12:28  Zergling x10  
  115  12:29  Zergling x16  
  130  12:30  Zergling x4  
  70  12:52  Hydralisk  
  70  12:53  Hydralisk x4  
  64  12:59  Hydralisk  
  63  13:14  Hydralisk  
  63  13:15  Hydralisk x2  
  63  13:16  Hydralisk  
  44  13:42  Hydralisk x3  
Tags
 
Composition
Muta Ling Bane
League
GoldGold
Matchup
ZvZ
Race
Zerg
Spawn Locations
Cross Positions
Add a new tag
Caveats
  • Supply blocks, unpowered buildings, or Contaminate may cause inaccurate times.
  • Supply counts are checked every 10 seconds.